 Dungeon Crawl Stone Soup version 0.31.0-4-g52a2dc7128 (webtiles) character file.

Game seed: 2781250222871316076

1997 GordonOverkill the Caller (level 9, -11/45 (50) HPs)
             Began as a Kobold Reaver on Jan 23, 2024.
             Was a Believer of Vehumet.
             Mangled by Erica
             ... wielding a +0 scimitar of flaming
              (12 damage)
             ... on level 8 of the Dungeon.
             The game lasted 00:16:49 (9913 turns).

GordonOverkill the Caller (Kobold Reaver)           Turns: 9913, Time: 00:16:50

HP:   -11/45 (50)   AC:  9    Str:  9    XL:     9   Next: 45%
MP:   1/16          EV: 11    Int: 18    God:    Vehumet [**....]
Gold: 435           SH:  0    Dex: 20    Spells: 4/18 levels left

rFire   . . .        a - +1 short sword
rCold   . . .        (no shield)
rNeg    + . .        i - +2 leather armour of Plasticity {+Blink}
rPois   .            (no helmet)
rElec   .            f - +0 cloak
rCorr   .            l - +1 pair of gloves
SInv    .            k - +0 pair of boots
Will    .....        q - amulet of the acrobat
Stlth   ++           g - ring of positive energy
HPRegen 0.27/turn    p - +6 ring of dexterity
MPRegen 0.15/turn

%: acrobat
@: very slightly contaminated, slowed, constricted, heavily drained, very slow
A: small, no large weapons, nightstalker 3
a: Renounce Religion, Evoke Blink


You were on level 8 of the Dungeon.
You worshipped Vehumet.
Vehumet was pleased with you.
You visited 2 branches of the dungeon, and saw 9 of its levels.

You collected 435 gold pieces.

Inventory:

Hand Weapons
 a - a +1 short sword (weapon)
Armour
 f - a +0 cloak (worn)
 i - the +2 leather armour of Plasticity (worn) {+Blink}
   (You found it on level 3 of the Dungeon)

   +Blink:    It lets you blink.
 k - a +0 pair of boots (worn)
 l - a +1 pair of gloves (worn)
Jewellery
 g - a ring of positive energy (left hand)
 o - a ring of ice
 p - a +6 ring of dexterity (right hand)
 q - an amulet of the acrobat (around neck)
 v - a ring of flight
Wands
 b - a wand of charming (13)
 d - a wand of flame (17)
 j - a wand of acid (10)
Scrolls
 n - a scroll of fog
 r - a scroll of teleportation
Potions
 c - a potion of mutation
 e - a potion of resistance {unknown}
 h - a potion of invisibility
 m - a potion of enlightenment {unknown}
 s - a potion of attraction {unknown}
 t - a potion of curing {unknown}


   Skills:
 - Level 3.0 Fighting
 - Level 4.0 Short Blades
 - Level 2.4 Dodging
 - Level 5.0 Spellcasting
 - Level 6.0 Conjurations
 - Level 6.0 Summonings
 - Level 6.0 Ice Magic
 + Level 1.8 Air Magic
 - Level 3.0 Evocations


You had 4 spell levels left.
You knew the following spells:

 Your Spells              Type           Power      Damage    Failure   Level
a - Kiss of Death         Conj/Necr      60%        2d10      5%          1
b - Summon Ice Beast      Ice/Summ       26%        N/A       4%          3
c - Hailstorm             Conj/Ice       26%        3d7       4%          3
d - Blink                 Tloc           8%         N/A       28%         2
e - Freezing Cloud        Conj/Ice/Air   10%        6-21      61%         5

Your spell library contained the following spells:

 Spells                   Type           Power      Damage    Failure   Level
 Shock                    Conj/Air       72%        1d7       3%          1
 Foxfire                  Conj/Fire      60%        2x1d7     5%          1
 Momentum Strike          Conj/Tloc      30%        3d8       9%          2
 Dazzling Flash           Conj/Hex       30%        N/A       16%         3
 Slow                     Hex            16%        N/A       19%         1
 Mephitic Cloud           Conj/Alch/Air  13%        N/A       19%         3
 Mercury Vapours          Alch/Air       14%        N/A       21%         2
 Lesser Beckoning         Tloc           8%         N/A       28%         2
 Confusing Touch          Hex            4%         N/A       50%         3
 Sigil of Binding         Hex            4%         N/A       50%         3
 Vampiric Draining        Necr           4%         2d6       50%         3
 Volatile Blastmotes      Fire/Tloc      8%         2d10      50%         3
 Passage of Golubria      Tloc           4%         N/A       88%         4
 Iskenderun's Battlesphe  Conj           26%        2d8       41%         5
 Silence                  Hex/Air        3%         N/A       98%         5
 Curse of Agony           Necr           4%         N/A       99%         5
 Bombard                  Conj/Erth      7%         9d2       100%        6
 Plasma Beam              Fire/Air       3%         2x1d13    100%        6
 Sculpt Simulacrum        Ice/Alch       7%         N/A       100%        6
 Starburst                Conj/Fire      7%         6d4       100%        6
 Spellforged Servitor     Conj/Summ      13%        N/A       100%        7
 Lehudib's Crystal Spear  Conj/Erth      7%         10d3      100%        8
 Maxwell's Capacitive Co  Air            5%         ∞         100%        8


Dungeon Overview and Level Annotations

Branches:
Dungeon (8/15)             Temple (1/1) D:4
   Lair: D:8-11

Altars:
Ashenzari
Cheibriados
Elyvilon
Fedhas
Gozag
Kikubaaqudgha
Makhleb
Okawaru
Qazlal
Ru
Sif Muna
Uskayaw
Vehumet
Wu Jian
Yredelemnul
Zin
The Shining One

Shops:
D:5 :

Annotations:
D:8 Erica


Innate Abilities, Weirdness & Mutations

You are small and have problems with some larger weapons.
You are completely attuned to the shadows.


Message History

Casting: Hailstorm (dangerous; 4% risk of failure)
Press: ? - help, Dir - look around, f - activate You miscast Hailstorm.
You are very lightly contaminated with residual magic.
Nothing appears to happen.
Erica casts a spell.
Erica flickers and vanishes!
Deactivating autopickup; reactivate with Ctrl-A.
Casting: Hailstorm (dangerous; 4% risk of failure)
Confirm with . or Enter, or press ? or * to list all spells.
Casting: Hailstorm (dangerous; 4% risk of failure)
Press: ? - help, Dir - look around, f - activate A cannonade of hail descends around you!
Something hits you!
* * * LOW HITPOINT WARNING * * *
Something burns you.
* * * LOW HITPOINT WARNING * * *
Something grabs you.
You are constricted.
* * * LOW HITPOINT WARNING * * *
Casting: Hailstorm (dangerous; 4% risk of failure)
Confirm with . or Enter, or press ? or * to list all spells.
Okay, then.
Unknown command.
You hit something.
You hear some strange, mumbled words.
A bolt of poison appears from out of thin air!
The bolt of poison misses you.
You are constricted.
* * * LOW HITPOINT WARNING * * *
Casting: Hailstorm (dangerous; 4% risk of failure)
Confirm with . or Enter, or press ? or * to list all spells.
Aiming: Kiss of Death (safe; 5% risk of failure)
Press: ? - help, Shift-Dir - straight line You miscast Kiss of Death.
Nothing appears to happen.
Something hits you.
* * * LOW HITPOINT WARNING * * *
Something burns you.
* * * LOW HITPOINT WARNING * * *
You are constricted.
* * * LOW HITPOINT WARNING * * *
Something hits you!
You die...

... ..
####.##..
.........
##...>.###
#..?<.....
#.......#
#....{#.#.#
#)....@....
##+#+#..#.#
#..# #..#
#...


There were no monsters in sight!

Vanquished Creatures
  Sigmund (D:2)
  An orc warrior (D:7)
  A water moccasin (D:6)
  A sky beast (D:6)
  A centaur (D:5)
  A phantom (D:7)
  A bullfrog (D:8)
  2 scorpions
  A hound (D:6)
  A sleepcap (D:5)
  Crazy Yiuf (D:2)
  2 orc wizards
  An iguana (D:7)
  A gnoll (D:1)
  An adder (D:5)
  2 ufetubi (D:5)
  A dart slug (D:1)
  7 orcs
  6 endoplasms
  7 goblins
  5 hobgoblins
  4 kobolds
  6 ball pythons
  4 bats
  2 frilled lizards
  9 rats
70 creatures vanquished.

Vanquished Creatures (collateral kills)
  Menkaure (D:6)
  A sky beast (D:6)
  A black bear (D:5)
  3 ogres
  A bullfrog (D:6)
  A scorpion (D:6)
  2 bombardier beetles
  A hound (D:4)
  Terence (D:2)
  A sleepcap (D:4)
  An orc wizard (D:5)
  6 adders
  A river rat (D:6)
  A shadow imp (D:7)
  A white imp (D:6)
  2 ribbon worms
  9 orcs
  An endoplasm (D:4)
  A giant cockroach (D:3)
  4 goblins
  A kobold (D:3)
  A quokka (D:4)
  A rat (D:6)
43 creatures vanquished.

Vanquished Creatures (others)
  An orc wizard (D:6)
1 creature vanquished.

Grand Total: 114 creatures vanquished

Notes
Turn   | Place    | Note
-------+----------+-------------------------------------------
     0 | D:1      | GordonOverkill the Kobold Reaver began the quest for the
                  | Orb.
     0 | D:1      | Reached XP level 1. HP: 12/12 MP: 3/3
   291 | D:1      | Reached XP level 2. HP: 17/17 MP: 5/5
   346 | D:1      | Found a faded altar of an unknown god.
   503 | D:1      | Reached XP level 3. HP: 4/15 MP: 2/6
   930 | D:2      | Learned a level 3 spell: Summon Ice Beast
   949 | D:2      | Noticed Sigmund
  1155 | D:2      | Killed Sigmund
  1156 | D:2      | Reached skill level 5 in Conjurations
  1156 | D:2      | Reached skill level 1 in Ice Magic
  1156 | D:2      | Reached XP level 4. HP: 5/26 MP: 3/7
  1156 | D:2      | Reached XP level 5. HP: 6/30 MP: 3/8
  1156 | D:2      | Reached XP level 6. HP: 7/35 MP: 3/9
  1539 | D:2      | Noticed Terence
  1553 | D:2      | Killed Terence
  1824 | D:2      | Found a runed translucent door.
  1827 | D:2      | Noticed Crazy Yiuf
  2326 | D:2      | Killed Crazy Yiuf
  2824 | D:3      | Identified the +2 leather armour of Plasticity {+Blink}
  3875 | D:4      | Identified the +5 ring mail of Zyitua {rC+ Str+3}
  4349 | D:4      | Found a staircase to the Ecumenical Temple.
  4406 | Temple   | Entered the Ecumenical Temple
  4415 | Temple   | Became a worshipper of Vehumet
  4475 | D:4      | Reached XP level 7. HP: 37/40 MP: 1/10
  4784 | D:4      | Identified the +2 pair of gloves "Cuqorha" {Harm Rampage
                  | +Inv}
  5216 | D:4      | Found a glowing silver altar of Zin.
  5216 | D:4      | Noticed an angel
  5273 | D:5      | Entered Level 5 of the Dungeon
  5523 | D:5      | Reached XP level 8. HP: 46/46 MP: 2/11
  5905 | D:5      | Reached skill level 5 in Summonings
  6052 | D:5      | Found a shimmering blue altar of Sif Muna.
  6206 | D:5      | Found Fibuk's Self-Improvement Boutique.
  6273 | D:5      | Reached skill level 5 in Ice Magic
  6635 | D:6      | Learned a level 3 spell: Hailstorm
  6906 | D:6      | Reached * piety under Vehumet
  6906 | D:6      | Offered knowledge of Sandblast by Vehumet.
  7580 | D:6      | Reached XP level 9. HP: 28/45 MP: 9/12
  7893 | D:6      | Noticed Menkaure
  7898 | D:6      | Killed Menkaure
  8631 | D:7      | Learned a level 2 spell: Blink
  8637 | D:7      | Learned a level 5 spell: Freezing Cloud
  8697 | D:7      | Offered knowledge of Shock by Vehumet.
  8742 | D:7      | Reached ** piety under Vehumet
  9258 | D:7      | Found a snail-covered altar of Cheibriados.
  9343 | D:7      | Reached skill level 5 in Spellcasting
  9358 | D:7      | Reached skill level 1 in Air Magic
  9902 | D:8      | Noticed Erica
  9913 | D:8      | HP: 1/45 [something (4)]
  9913 | D:8      | Mangled by Erica

Illustrated notes

Levels and vault maps discovered:
D:1:      wander_arrival_desolate, layout_rooms,
          shapermc_ecumenical_altar_starsandcircs
D:2:      layout_loops_ring, minmay_close_crescents, uniq_crazy_yiuf_cottage,
          uniq_terence, uniq_sigmund
D:3:      layout_basic
D:4:      layout_cave_pods, zin_angel, minmay_temple_entry_wispy
D:5:      layout_basic, kennysheep_orc_sif_temple,
          hangedman_abyss_or_decor_stagger, nicolae_shop_self_help
D:6:      layout_basic, portal_sewer_entry_b, minmay_ogre_servants,
          uniq_menkaure
D:7:      hellmonk_ruined_rings, layout_gridville, lemuel_coloured_pillars_altar
D:8:      layout_basic, gammafunk_ghost_grave, nicolae_specific_store,
          uniq_maurice, uniq_erica
Temple:   nicolae_temple_ecumenical_triangle

Skill      XL: |  1  2  3  4  5  6  7  8  9 |
---------------+----------------------------+-----
Conjurations   | 4 5 6 |  6.0
Summonings     | 3 4 6 |  6.0
Ice Magic      | 1 3 4 6 |  6.0
Evocations     | 3 |  3.0
Fighting       | 3 |  3.0
Spellcasting   | 5 |  5.0
Air Magic      | 1 |  1.8
Short Blades   | |  4.0
Dodging        | |  2.4

Action                     |  1- 3 |  4- 6 |  7- 9 || total
---------------------------+-------+-------+-------++-------
  Melee: Short sword       |    62 |    96 |   246 ||   404
         Punch             |       |     1 |     6 ||     7
   Cast: Kiss of Death     |     5 |     1 |     4 ||    10
         Summon Ice Beast  |       |    16 |    37 ||    53
         Hailstorm         |       |       |     3 ||     3
    Use: Scroll            |     4 |     1 |     6 ||    11
   Stab: Sleeping          |     9 |     4 |     6 ||    19
         Distracted        |       |     1 |     2 ||     3
 Armour: Leather armour    |    23 |    19 |   160 ||   202
         Robe              |       |    17 |       ||    17
  Dodge: Dodged            |    36 |    63 |   157 ||   256
